 Dungeon Crawl Stone Soup version 0.26.1-11-gd32895ea62 (webtiles) character file.

Game seed: 12810602303540870976

2413 Sopht the Carver (level 9, -4/55 HPs)
             Began as a Tengu Berserker on July 20, 2021.
             Was a Priest of Trog.
             Killed from afar by Uzeprotekshun's ghost (5 damage)
             ... with a magic dart
             ... on level 6 of the Dungeon.
             The game lasted 00:44:34 (7195 turns).

Sopht the Carver (Tengu Berserker)                  Turns: 7195, Time: 00:44:35

Health: -4/55      AC:  6    Str: 29    XL:     9   Next: 47%
Magic:  10/10      EV: 17    Int:  9    God:    Trog [***...]
Gold:   276        SH:  0    Dex: 20    Spells: 8/8 levels left

rFire    . . .     SeeInvis .   a - +1 falchion
rCold    . . .     Faith    .   (no shield)
rNeg     . . .     Spirit   .   w - +0 scale mail
rPois    .         Reflect  .   (helmet restricted)
rElec    +         Harm     .   B - +1 cloak "Nadokk Verej" {rElec Str+2}
rCorr    .         Rampage  .   o - +0 pair of gloves
Will     ++...                  (boots unavailable)
Stlth    ++........             (no amulet)
HPRegen  1.18/turn              r - +6 ring of dexterity
MPRegen  0.12/turn              b - +6 ring of strength

@: corroded, berserk cooldown, flying quickly and evasively, regenerating,
slowed, studying Staves, very slow
A: beak, talons 3, clever 1, evolution 1, able to fly
a: Stop Flying, Renounce Religion, Berserk, Trog's Hand


You were on level 6 of the Dungeon.
You worshipped Trog.
Trog was most pleased with you.
You visited 1 branch of the dungeon, and saw 6 of its levels.
You also visited: Ossuary.

You collected 332 gold pieces.
You spent 56 gold pieces at shops.

Inventory:

Hand Weapons
 a - a +1 falchion (weapon)
Missiles
 h - 90 arrows
 i - 39 poisoned darts
Armour
 o - a +0 pair of gloves (worn)
 w - a +0 scale mail (worn)
 A - a +2 leather armour of fire resistance
 B - the +1 cloak "Nadokk Verej" (worn) {rElec Str+2}
   (You found it on level 5 of the Dungeon)

   It affects your strength (+2).
   It insulates you from electricity.
Jewellery
 b - a +6 ring of strength (right hand)
 r - a +6 ring of dexterity (left hand)
 y - an uncursed ring of protection from fire
 z - an uncursed ring of see invisible
Scrolls
 e - a scroll of enchant weapon
 g - 3 scrolls of remove curse
 k - 2 scrolls of amnesia
 p - a scroll of magic mapping
 u - a scroll of teleportation
Potions
 c - a potion of magic
 d - a potion of might
 f - 2 potions of flight
 m - a potion of heal wounds
 n - 4 potions of curing
 q - 2 potions of attraction
 s - a potion of degeneration {unknown}
 t - a potion of mutation
 v - a potion of cancellation {unknown}
 x - a potion of haste {unknown}
 E - a potion of ambrosia {unknown}
Books
 D - a manual of Staves


   Skills:
 + Level 5.9 Fighting
 + Level 9.8 Long Blades
 + Level 4.4 Armour
 + Level 5.6 Dodging
 + Level 4.7 Stealth


You had 8 spell levels left.
You didn't know any spells.
Your spell library was empty.

Dungeon Overview and Level Annotations

Branches:
Dungeon (6/15)             Temple (0/1) D:6         Ossuary (visited)

Altars:
Ashenzari
Cheibriados
Elyvilon
Fedhas
Gozag
Makhleb
Nemelex Xobeh
Trog
Vehumet
Yredelemnul
Zin
The Shining One

Shops:
D:4 *[

Annotations:
D:6 Uzeprotekshun's ghost, novice OpCj


Innate Abilities, Weirdness & Mutations

You have a beak for a mouth.
You have claws for feet.
You can fly continuously.
Your mind is acute. (Int +2)
You evolve.


Message History

You feel yourself slow down.
The big kobold throws a stone.
The stone misses you.
You see here a stone.
The big kobold zaps a wand.
The bolt of acid hits you! The acid corrodes you!
You are splashed with acid!!
The big kobold throws a stone.
The stone hits you but does no damage.
The big kobold throws a stone.
The stone hits you.
You see here 2 stones.
The big kobold zaps a wand.
The bolt of acid misses you.
Things that are here:
a +0 mace; a +0 robe Uzeprotekshun's ghost casts a spell at you.
The magic dart hits you.
The big kobold zaps a wand.
The bolt of acid hits you!
* * * LOW HITPOINT WARNING * * *
The acid corrodes you!
You are splashed with acid!
* * * LOW HITPOINT WARNING * * *
Uzeprotekshun's ghost shouts, "You will join me soon!"
Uzeprotekshun's ghost casts a spell at you.
The magic dart hits you.
You die...

#.# #...#...#...#...#...#..># #.#
#.##..#...#...#...#..##.# # #.#
#<###...#...#...#..#.##.###
#.####.###.##..#...#..###.#.....
#......>...####..#(.### #.#..##.
##.######### #.#.### #.#.....
#####..### #.### #.#...##
##.⌠.##.§.# #.# #...###.
##.#.#.#..(#####@## #.#.....
#...#.K'..§..##KW.########...##..
#.....K§(§..KK.K)..........#..#..
#...#.K§§...K##...##########..##.
##.#.#§#.....##...##...........#.
##.⌠.##...#..K.#....#######...#.
#####..#...##...##.# #.#...
#####.####.###.# #.##.#
#..........# #.....


You could see 5 big kobolds and Uzeprotekshun's ghost.

Vanquished Creatures
  Maggie (D:6)
  A yak (D:6)
  Eustachio (D:5)
  An ice beast (D:5)
  3 ogres
  3 centaurs
  A big kobold (D:6)
  Blork the orc (D:6)
  2 elf zombies (Ossuary)
  3 scorpions
  A killer bee (D:6)
  3 centaur zombies (Ossuary)
  3 jellies
  A bullfrog skeleton (D:4)
  5 hounds
  An orc wizard (D:5)
  4 worker ants
  2 big kobold zombies (Ossuary)
  A hound skeleton (D:5)
  4 mummies
  A worker ant zombie (D:5)
  A gnoll (D:1)
  6 adders
  2 white imps
  An ufetubus (D:5)
  An ooze (D:2)
  4 adder zombies (Ossuary)
  An adder skeleton (D:6)
  6 worms
  A dart slug (D:4)
  4 leopard geckos
  4 orcs
  4 giant cockroaches
  A gnoll zombie (Ossuary)
  6 goblins
  4 hobgoblins
  4 jackals (D:3)
  5 kobolds
  4 quokkas
  2 ball pythons
  8 bats
  10 frilled lizards
  3 goblin zombies (Ossuary)
  6 hobgoblin zombies
  A jackal skeleton (D:4)
  4 jackal zombies (Ossuary)
  6 kobold zombies
  A leopard gecko zombie (D:5)
  3 orc zombies
  A quokka skeleton (D:4)
  A quokka zombie (Ossuary)
  6 rats
  5 rat zombies (Ossuary)
159 creatures vanquished.

Notes
Turn   | Place    | Note
-------+----------+-------------------------------------------
     0 | D:1      | Sopht the Tengu Berserker began the quest for the Orb.
     0 | D:1      | Reached XP level 1. HP: 14/14 MP: 2/2
    43 | D:1      | Reached XP level 2. HP: 19/19 MP: 3/3
   332 | D:1      | Reached XP level 3. HP: 16/23 MP: 4/4
   658 | D:2      | Reached skill level 4 in Long Blades
   740 | D:2      | Reached ** piety under Trog
   810 | D:2      | Found a white marble altar of Elyvilon.
   810 | D:2      | Found a glowing golden altar of the Shining One.
   810 | D:2      | Found a glowing silver altar of Zin.
  1023 | D:2      | Found a blossoming altar of Fedhas.
  1035 | D:2      | Reached XP level 4. HP: 28/28 MP: 5/5
  1090 | D:2      | Found a burning altar of Makhleb.
  1090 | D:2      | Found a snail-covered altar of Cheibriados.
  1090 | D:2      | Found a radiant altar of Vehumet.
  1098 | D:2      | Found a broken altar of Ashenzari.
  1103 | D:2      | Found an opulent altar of Gozag.
  1545 | D:2      | Reached skill level 1 in Stealth
  2180 | D:3      | Found a sparkling altar of Nemelex Xobeh.
  2852 | D:4      | Gained mutation: You can fly continuously. [Tengu growth]
  2852 | D:4      | Reached XP level 5. HP: 26/33 MP: 6/6
  2953 | D:4      | Noticed an ogre
  2969 | D:4      | Killed an ogre
  2970 | D:4      | Reached skill level 5 in Long Blades
  2995 | D:4      | Noticed an ogre
  3035 | D:4      | Killed an ogre
  3036 | D:4      | Reached XP level 6. HP: 38/38 MP: 7/7
  3311 | D:4      | Found Hiff's General Store.
  3359 | D:4      | Found a basalt altar of Yredelemnul.
  3586 | D:4      | Found Zaharafa's Antique Armour Shop.
  3709 | D:4      | Bought a scroll of identify for 28 gold pieces
  3709 | D:4      | Bought a scroll of identify for 28 gold pieces
  3755 | D:4      | Reached skill level 6 in Long Blades
  3755 | D:4      | Reached XP level 7. HP: 42/43 MP: 8/8
  3897 | D:4      | Found a broken altar of Ashenzari.
  4304 | D:5      | Entered Level 5 of the Dungeon
  4341 | D:5      | Found a bloodstained altar of Trog.
  4387 | D:5      | Noticed Eustachio
  4404 | D:5      | Killed Eustachio
  4753 | D:5      | Got a shimmering cloak
  4754 | D:5      | Identified the +1 cloak "Nadokk Verej" {rElec Str+2} (You
                  | found it on level 5 of the Dungeon)
  4893 | D:5      | Reached skill level 7 in Long Blades
  4893 | D:5      | Reached XP level 8. HP: 44/48 MP: 9/9
  5667 | D:6      | Noticed Blork the orc
  5734 | D:6      | Found a staircase to the Ecumenical Temple.
  5751 | D:6      | Reached skill level 5 in Fighting
  5757 | D:6      | Found a sand-covered staircase.
  5770 | Ossuary  | Entered an ossuary
  5791 | Ossuary  | Reached skill level 5 in Dodging
  5793 | Ossuary  | Reached *** piety under Trog
  5926 | Ossuary  | Reached skill level 8 in Long Blades
  6133 | D:6      | Found a runed translucent gate.
  6134 | D:6      | Found a runed translucent gate.
  6134 | D:6      | Found a runed translucent gate.
  6135 | D:6      | Noticed Uzeprotekshun's ghost (novice OpCj)
  6136 | D:6      | Identified the cursed +3 dagger "Blob" {venom, Int+4 Dex+3
                  | SInv}
  6151 | D:6      | Killed Blork the orc
  6375 | D:6      | Noticed a yak
  6385 | D:6      | Killed a yak
  6386 | D:6      | Reached XP level 9. HP: 50/54 MP: 10/10
  6398 | D:6      | Reached skill level 9 in Long Blades
  6524 | D:6      | Noticed Maggie
  6538 | D:6      | Killed Maggie
  7172 | D:6      | Gained mutation: Your mind is acute. (Int +2) [potion of
                  | mutation]
  7172 | D:6      | Gained mutation: You evolve. [potion of mutation]
  7195 | D:6      | HP: 1/55 [acid (10)]
  7195 | D:6      | Killed from afar by Uzeprotekshun's ghost

Illustrated notes

Levels and vault maps discovered:
D:1:      dpeg_arrival_simpleton_b, layout_rooms
D:2:      layout_loops_corners, good_gods_mini_temple,
          minmay_overflow_temple_hex
D:3:      layout_loops_corners, nemelex_xobeh_ov_fountains_minmay
D:4:      layout_basic, nicolae_overflow_crystal_walls, serial_shops,
          shop_statue, shop, nicolae_ashenzari_panopticon
D:5:      layout_loops_ring, bloody_trog, minmay_mini_ossuary, uniq_eustachio
D:6:      layout_loops_ring, minmay_temple_entry_slanted,
          nicolae_ossuary_entry_monument, gammafunk_ghost_nasty_kobolds,
          hex_large, grunt_ministairs_14, minmay_manual_macuahuitl, uniq_maggie,
          uniq_blork_the_orc

Skill      XL: |  1  2  3  4  5  6  7  8  9 |
---------------+----------------------------+-----
Long Blades    | 4 5 6 7 8 9 |  9.8
Stealth        | 1 2 3 4 |  4.7
Dodging        | 3 4 5 |  5.6
Fighting       | 4 5 |  5.9
Armour         | 4 |  4.4

Action                   |  1- 3 |  4- 6 |  7- 9 || total
-------------------------+-------+-------+-------++-------
Melee: Falchion          |    51 |   105 |   192 ||   348
       Kick              |    15 |    36 |   124 ||   175
       Peck              |    10 |    20 |    59 ||    89
Invok: Berserk           |     2 |     2 |     9 ||    13
       Trog's Hand       |       |     3 |    10 ||    13
 Abil: Fly               |       |     1 |       ||     1
  Use: Scroll            |       |       |    23 ||    23
       Potion            |       |       |     1 ||     1
 Stab: Sleeping          |     1 |     3 |     2 ||     6
Armor: Animal skin       |    15 |    18 |     2 ||    35
       Scale mail        |       |       |    43 ||    43
Dodge: Dodged            |    55 |    85 |   122 ||   262
       Rpst.: Falchion   |    21 |    26 |    27 ||    74
